 Dungeon Crawl Stone Soup version 0.26.1-2-gb8aa6d0cf2 (webtiles) character file.

Game seed: 17947503755622153261

89 promet the Shield-Bearer (level 4, -1/41 HPs)
             Began as a Gnoll Fighter on Mar 23, 2021.
             Slain by a gnoll (3 damage)
             ... on level 2 of the Dungeon.
             The game lasted 00:07:07 (1505 turns).

promet the Shield-Bearer (Gnoll Fighter)            Turns: 1505, Time: 00:07:07

Health: -1/41      AC:  7    Str: 19    XL:     4   Next: 55%
Magic:  5/5        EV:  8    Int: 11    God:
Gold:   42         SH: 11    Dex: 14    Spells: 5/5 levels left

rFire    . . .     SeeInvis .   a - +0 rapier
rCold    . . .     Faith    .   c - +1 kite shield
rNeg     . . .     Spirit   .   b - +0 scale mail
rPois    .         Reflect  .   (no helmet)
rElec    .         Harm     .   (no cloak)
rCorr    .         Rampage  .   (no gloves)
Will     .....                  (no boots)
Stlth    ..........             (no amulet)
HPRegen  0.13/turn              (no ring)
MPRegen  0.09/turn              (no ring)

@: lethally poisoned (-1 -> -16)
A: distributed training, fangs 1, mutation resistance 1, strong nose
a: no special abilities


You were on level 2 of the Dungeon.
You visited 1 branch of the dungeon, and saw 2 of its levels.

You collected 42 gold pieces.

Inventory:

Hand Weapons
 a - a +0 rapier (weapon)
Missiles
 g - 6 stones (quivered)
 h - 13 sling bullets
Armour
 b - a +0 scale mail (worn)
 c - a +1 kite shield (worn)
Scrolls
 e - a scroll of remove curse
 f - a scroll of fog
 k - 2 scrolls of amnesia {unknown}
Potions
 d - a potion of might


   Skills:
 + Level 6.6 Fighting
 + Level 4.6 Short Blades
 + Level 1.2 Long Blades
 + Level 1.2 Axes
 + Level 1.2 Maces & Flails
 + Level 1.2 Polearms
 + Level 1.2 Staves
 + Level 1.2 Slings
 + Level 1.2 Bows
 + Level 1.2 Crossbows
 + Level 1.2 Throwing
 + Level 6.6 Armour
 + Level 1.2 Dodging
 + Level 1.2 Stealth
 + Level 6.6 Shields
 + Level 1.2 Unarmed Combat
 + Level 1.2 Spellcasting
 + Level 1.0 Conjurations
 + Level 1.0 Hexes
 + Level 1.0 Summonings
 + Level 1.0 Necromancy
 + Level 1.0 Translocations
 + Level 1.0 Transmutations
 + Level 1.0 Fire Magic
 + Level 1.0 Ice Magic
 + Level 1.0 Air Magic
 + Level 1.0 Earth Magic
 + Level 1.0 Poison Magic
 + Level 1.3 Invocations
 + Level 1.2 Evocations


You had 5 spell levels left.
You didn't know any spells.
Your spell library was empty.

Dungeon Overview and Level Annotations

Branches:
Dungeon (2/15)

Altars:
Wu Jian


Innate Abilities, Weirdness & Mutations

Your experience applies equally to all skills.
You have very sharp teeth.
Your uncanny sense of smell can sniff out nearby items.
You are somewhat resistant to further mutation.


Message History

The gnoll is heavily wounded.
The gnoll hits you with a +2 whip of venom!
You completely miss the gnoll.
The gnoll is heavily wounded.
The gnoll hits you with a +2 whip of venom.
You are poisoned.
You block the gnoll's attack.
You barely miss the gnoll.
The gnoll is heavily wounded.
You feel sick. You block the gnoll's attack. The gnoll hits you.
* * * LOW HITPOINT WARNING * * *
You closely miss the gnoll.
The gnoll is heavily wounded.
* * * LOW HITPOINT WARNING * * *
You feel sick.
The gnoll hits you with a +2 whip of venom.
* * * LOW HITPOINT WARNING * * *
You are more poisoned.
The gnoll hits you.
You die...

##########
####......g@#
..........g.+
####........#
#....(...#
#...(....#
#...?.$..#
∆.$.(......#
<_..#+######
...?


You could see 2 gnolls.

Vanquished Creatures
  2 gnolls (D:2)
  2 adders (D:2)
  An ooze (D:1)
  A worm (D:2)
  A dart slug (D:1)
  A leopard gecko (D:1)
  4 giant cockroaches (D:1)
  4 goblins
  5 hobgoblins
  4 jackals (D:1)
  A ball python (D:2)
  3 bats
  3 frilled lizards
  6 kobolds
  3 rats (D:1)
41 creatures vanquished.

Notes
Turn   | Place    | Note
-------+----------+-------------------------------------------
     0 | D:1      | promet the Gnoll Fighter began the quest for the Orb.
     0 | D:1      | Reached XP level 1. HP: 23/23 MP: 1/1
   134 | D:1      | Reached XP level 2. HP: 27/29 MP: 2/2
   459 | D:1      | Gained mutation: You are somewhat resistant to further
                  | mutation. [potion of mutation]
   524 | D:1      | Reached XP level 3. HP: 35/35 MP: 3/3
   596 | D:1      | Reached skill level 1 in Invocations
  1219 | D:2      | Reached skill level 1 in Long Blades
  1219 | D:2      | Reached skill level 1 in Axes
  1219 | D:2      | Reached skill level 1 in Maces & Flails
  1219 | D:2      | Reached skill level 1 in Polearms
  1219 | D:2      | Reached skill level 1 in Staves
  1219 | D:2      | Reached skill level 1 in Slings
  1219 | D:2      | Reached skill level 1 in Bows
  1219 | D:2      | Reached skill level 1 in Crossbows
  1219 | D:2      | Reached skill level 1 in Throwing
  1219 | D:2      | Reached skill level 1 in Dodging
  1219 | D:2      | Reached skill level 1 in Stealth
  1219 | D:2      | Reached skill level 1 in Unarmed Combat
  1219 | D:2      | Reached skill level 1 in Spellcasting
  1219 | D:2      | Reached skill level 1 in Evocations
  1227 | D:2      | Reached XP level 4. HP: 41/41 MP: 5/5
  1362 | D:2      | Found an ornate altar of the Wu Jian Council.
  1376 | D:2      | Reached skill level 1 in Conjurations
  1376 | D:2      | Reached skill level 1 in Hexes
  1376 | D:2      | Reached skill level 1 in Summonings
  1376 | D:2      | Reached skill level 1 in Necromancy
  1376 | D:2      | Reached skill level 1 in Translocations
  1376 | D:2      | Reached skill level 1 in Transmutations
  1376 | D:2      | Reached skill level 1 in Fire Magic
  1376 | D:2      | Reached skill level 1 in Ice Magic
  1376 | D:2      | Reached skill level 1 in Air Magic
  1376 | D:2      | Reached skill level 1 in Earth Magic
  1376 | D:2      | Reached skill level 1 in Poison Magic
  1505 | D:2      | HP: 2/41 [gnoll/+2 whip of venom (4)]
  1505 | D:2      | Slain by a gnoll

Illustrated notes

Levels and vault maps discovered:
D:1:      kennysheep_arrival_seaside, layout_loops_ring, minmay_pentomino_r2
D:2:      layout_basic, overflow_temple_1_default

Skill      XL: |  1  2  3  4 |
---------------+-------------+-----
Invocations    | 1 |  1.3
Long Blades    | 1 |  1.2
Axes           | 1 |  1.2
Maces & Flails | 1 |  1.2
Polearms       | 1 |  1.2
Staves         | 1 |  1.2
Slings         | 1 |  1.2
Bows           | 1 |  1.2
Crossbows      | 1 |  1.2
Throwing       | 1 |  1.2
Dodging        | 1 |  1.2
Stealth        | 1 |  1.2
Unarmed Combat | 1 |  1.2
Spellcasting   | 1 |  1.2
Evocations     | 1 |  1.2
Conjurations   | 1 |  1.0
Hexes          | 1 |  1.0
Summonings     | 1 |  1.0
Necromancy     | 1 |  1.0
Translocations | 1 |  1.0
Transmutations | 1 |  1.0
Fire Magic     | 1 |  1.0
Ice Magic      | 1 |  1.0
Air Magic      | 1 |  1.0
Earth Magic    | 1 |  1.0
Poison Magic   | 1 |  1.0
Fighting       | |  6.6
Short Blades   | |  4.6
Armour         | |  6.6
Shields        | |  6.6

Action                   |  1- 3 |  4- 6 || total
-------------------------+-------+-------++-------
Melee: Rapier            |   117 |    29 ||   146
       Bite              |    11 |     1 ||    12
Throw: Stone             |       |     3 ||     3
  Use: Scroll            |     5 |     1 ||     6
       Potion            |     3 |     1 ||     4
Armor: Scale mail        |    49 |     6 ||    55
Dodge: Dodged            |    25 |     9 ||    34
Block: Kite shield       |    82 |    22 ||   104
